 Dungeon Crawl Stone Soup version 0.31-a0-232-gb1c03b2570 (webtiles) character file.

Game seed: 6505718182952162026

210 qw the Shooter (level 5, -6/32 HPs)
             Began as a Gargoyle Hexslinger on July 6, 2023.
             Shot with an arrow by a centaur (11 damage)
             ... on level 4 of the Dungeon.
             The game lasted 00:01:08 (2069 turns).

qw the Shooter (Gargoyle Hexslinger)                Turns: 2069, Time: 00:01:08

Health: -6/32      AC:  9    Str: 11    XL:     5   Next: 87%
Magic:  6/6        EV: 10    Int: 14    God:
Gold:   161        SH:  0    Dex: 14    Spells: 5/6 levels left

rFire   . . .        Y - +2 sling
rCold   . . .        (no shield)
rNeg    + . .        e - +0 ring mail
rPois   inf          (no helmet)
rElec   +            (no cloak)
rCorr   .            (no gloves)
SInv    .            (no boots)
Will    .....        (no amulet)
Stlth   +            (no ring)
HPRegen 0.25/turn    (no ring)
MPRegen 0.10/turn

%: no passive effects
@: no status effects
A: sickness immunity, AC +4, negative energy resistance 1, electricity
resistance, torment resistance 1, petrification resistance
a: no special abilities


You were on level 4 of the Dungeon.
You visited 1 branch of the dungeon, and saw 4 of its levels.

You collected 161 gold pieces.


Innate Abilities, Weirdness & Mutations

You are immune to sickness and miasma.
Your stone body is resilient. (AC +4)
You are immune to poison.
You resist negative energy. (rN+)
You are resistant to electric shocks. (rElec)
You are resistant to unholy torment.
You are immune to petrification.


   Skills:
 - Level 3.1 Fighting
 + Level 5.0 Ranged Weapons
 - Level 1.1 Armour
 - Level 1.5 Dodging
 - Level 1.0 Spellcasting
 - Level 2.6 Hexes


You had 5 spell levels left.
You knew the following spells:

 Your Spells              Type           Power      Damage    Failure   Level
a - Slow                  Hex            32%        N/A       21%         1

Your spell library contained the following spells:

 Spells                   Type           Power      Damage    Failure   Level
 Inner Flame              Hex/Fire       4%         N/A       71%         3
 Portal Projectile        Hex/Tloc       8%         N/A       71%         3
 Cause Fear               Hex            4%         N/A       90%         4

Inventory:

Hand Weapons
 Y - a +2 sling (weapon)
Armour
 d - the +1 robe of Goreg {+Inv}
   (You found it on level 4 of the Dungeon)

   +Inv:      It lets you turn invisible.
 e - a +0 ring mail (worn)
Jewellery
 h - a ring of fire
Scrolls
 f - a scroll of identify
Potions
 a - a potion of attraction {unknown}
 b - a potion of lignification {unknown}
 c - a potion of heal wounds {unknown}
 g - a potion of ambrosia {unknown}
 i - a potion of enlightenment

Dungeon Overview and Level Annotations

Branches:
Dungeon (4/15)
 Temple: D:4-7

Altars:


Message History

HP restored.
A centaur and an ogre come into view.
The centaur shouts!
The ogre shouts!
The centaur wields a +0 orcbow.
The centaur shoots an arrow.
The arrow misses you.
Enter note:
Enter note:
Enter note:
Enter note:
Enter note: You shoot a sling bullet.
The sling bullet hits the ogre but does no damage.
The centaur shoots an arrow.
The arrow closely misses you.
The centaur shoots an arrow.
The arrow hits you.
You shoot a sling bullet. The sling bullet hits the ogre.
The ogre is lightly wounded.
The centaur shoots an arrow.
The arrow hits you but does no damage.
The centaur shoots an arrow.
The arrow hits you.
You shoot a sling bullet. The sling bullet hits the ogre.
The ogre is moderately wounded.
The centaur shoots an arrow.
The arrow hits you!
You shoot a sling bullet. The sling bullet hits the ogre.
The ogre is heavily wounded.
The centaur shoots an arrow.
The arrow hits you.
You shoot a sling bullet. The sling bullet hits the ogre.
The ogre is severely wounded.
The centaur shoots an arrow.
The arrow hits you but does no damage. The ogre barely misses you.
You shoot a sling bullet.
The sling bullet barely misses the ogre.
The centaur shoots an arrow.
The arrow hits you. The ogre barely misses you.
The centaur shoots an arrow.
The arrow barely misses you.
You shoot a sling bullet. The sling bullet hits the ogre.
The ogre is severely wounded.
The centaur shoots an arrow.
The arrow hits you. The ogre closely misses you.
The centaur shoots an arrow.
The arrow hits you.
You shoot a sling bullet.
The sling bullet barely misses the ogre.
The centaur shoots an arrow.
The arrow hits you!
You die...

#.............
##.............
#.............. .#..
.$.c........... ...
...............#..
............# ..## ..
........O.# ##...##...
#.....@..# #... ......
##......#####.###......
##............#.......
#.......###..........
###....####..........
#....#..#...#......
#...........###......
.......##....# #.....
#......####...# #.....


You could see an ogre and a centaur.

Vanquished Creatures
  A hound (D:4)
  Terence (D:2)
  A gnoll (D:3)
  7 adders
  A worm (D:3)
  A dart slug (D:3)
  An orc (D:3)
  8 endoplasms
  6 giant cockroaches
  7 goblins
  6 hobgoblins
  2 jackals (D:2)
  5 kobolds
  8 ball pythons
  7 bats
  6 frilled lizards
  9 rats
77 creatures vanquished.

Notes
Turn   | Place    | Note
-------+----------+-------------------------------------------
     0 | D:1      | qw the Gargoyle Hexslinger began the quest for the Orb.
     0 | D:1      | Reached XP level 1. HP: 12/12 MP: 2/2
     0 | D:1      | 0 ||| qw: Version: 0.3-a-46-gb1f654a
     0 | D:1      | 0 ||| qw: Game counter: 2106
     0 | D:1      | 0 ||| qw: Melee chars always use a shield: true
     0 | D:1      | 0 ||| qw: God list: Okawaru
     0 | D:1      | 0 ||| qw: Allow faded altars: false
     0 | D:1      | 0 ||| qw: Do Orc after clearing Dungeon:15 true
     0 | D:1      | 0 ||| qw: Do second Lair branch before Depths: true
     0 | D:1      | 0 ||| qw: Lair rune preference: random
     0 | D:1      | 0 ||| qw: Goals: Normal
     0 | D:1      | 0 ||| PLANNING D:1-11
   118 | D:1      | Reached XP level 2. HP: 16/16 MP: 3/3
   188 | D:1      | Found a faded altar of an unknown god.
   218 | D:1      | Reached skill level 3 in Ranged Weapons
   533 | D:1      | 533 ||| UPGRADING to +0 ring mail.
   543 | D:1      | 543 ||| DROPPING +0 robe.
   544 | D:1      | 544 ||| READING scroll labelled UHOMIVAORCH.
   545 | D:1      | 545 ||| READING scroll labelled QEARUXIS ZUENG.
   546 | D:1      | 546 ||| READING scroll labelled ABOTIO DIYF.
   547 | D:1      | 547 ||| DRINKING 2 metallic purple potions.
   548 | D:1      | 548 ||| DROPPING scroll of poison.
   579 | D:2      | Reached XP level 3. HP: 21/21 MP: 4/4
   613 | D:2      | Noticed Terence
   626 | D:2      | Killed Terence
   632 | D:2      | Reached skill level 4 in Ranged Weapons
   632 | D:2      | Reached XP level 4. HP: 16/26 MP: 5/5
   776 | D:2      | Reached skill level 1 in Armour
   979 | D:2      | Identified the +11 chain mail of Trial and Error {Fly
                  | Regen+ Dex+4}
  1100 | D:2      | 1100 ||| READING scroll labelled NIUQAUL DEOPI.
  1101 | D:2      | 1101 ||| READING scroll labelled IFAMYIM JEUSTRO.
  1137 | D:3      | 1137 ||| Stepping ~*~*~tactically~*~*~ (water).
  1210 | D:3      | Reached XP level 5. HP: 15/30 MP: 6/6
  1559 | D:3      | Reached skill level 5 in Ranged Weapons
  1736 | D:3      | Identified the +7 dagger "Haraxtae" {venom, Str-4 Int+4}
  1939 | D:3      | 1939 ||| READING 3 scrolls labelled ZUASASHR FASYR.
  1940 | D:3      | 1940 ||| DRINKING 2 golden potions.
  1941 | D:3      | 1941 ||| DROPPING 2 scrolls of noise.
  1942 | D:3      | 1942 ||| DROPPING potion of invisibility.
  1975 | D:4      | Identified the +1 robe of Goreg {+Inv}
  2040 | D:4      | Reached skill level 3 in Fighting
  2061 | D:4      | Noticed a centaur
  2061 | D:4      | Noticed an ogre
  2068 | D:4      | HP: 5/32 [centaur/arrow (4)]
  2069 | D:4      | Shot with an arrow by a centaur

Levels and vault maps discovered:
D:1:      elethiomel_arrival_shortcut, layout_basic, basic_ecumenical_altar
D:2:      layout_rooms, minmay_misc_feat_doors, uniq_terence
D:3:      minmay_octagon_keep, layout_rooms, serial_rivers,
          chequers_serial_rivers_micro_a, chequers_serial_rivers_small_a,
          chequers_serial_rivers_micro_d, chequers_serial_rivers_small_a,
          chequers_serial_rivers_small_3, nicolae_kite_square_tiling_tiny,
          corexii_leaking_fountain
D:4:      layout_cave_pools, mainiacjoe_overflow_catwalk_spiral, uniq_menkaure,
          uniq_robin

Skill      XL: |  1  2  3  4  5 |
---------------+----------------+-----
Ranged Weapons | 3 4 5 |  5.0
Fighting       | 2 3 |  3.1
Armour         | 1 |  1.1
Dodging        | |  1.5
Spellcasting   | |  1.0
Hexes          | |  2.6

Action                     |  1- 3 |  4- 6 || total
---------------------------+-------+-------++-------
   Fire: Sling             |    98 |   196 ||   294
    Use: Scroll            |     3 |     3 ||     6
         Potion            |     1 |     1 ||     2
 Armour: Robe              |    11 |       ||    11
         Ring mail         |    14 |   103 ||   117
  Dodge: Dodged            |    38 |   136 ||   174

Table legend:
 A = Non-vault XP
 B = Vault XP
 C = Vault XP percentage of total XP
 D = Non-vault monster count
 E = Vault monster count
 F = Vault count percentage of total count
                 A         B        C        D         E       F
            +---------+---------+-------+---------+---------+-------
      Total |     194 |     106 |  35.3 |      60 |      17 |  22.1
            +---------+---------+-------+---------+---------+-------
        D:1 |      33 |       0 |   0.0 |      21 |       0 |   0.0
        D:2 |      58 |      36 |  38.3 |      22 |       1 |   4.3
        D:3 |      41 |      70 |  63.1 |      12 |      16 |  57.1
        D:4 |      62 |       0 |   0.0 |       5 |       0 |   0.0
            +---------+---------+-------+---------+---------+-------
